 Dungeon Crawl Stone Soup version 0.21-a0-633-g4c047d5 (webtiles) character file.

31579 mortelune the Severer (level 13, -3/109 HPs)
             Began as a Formicid Abyssal Knight on Dec 28, 2017.
             Was a High Priest of Lugonu.
             Slain by an entropy weaver (5 damage)
             ... on level 5 of the Lair of Beasts.
             The game lasted 01:11:00 (18885 turns).

mortelune the Severer (Formicid Abyssal Knight)    Turns: 18885, Time: 01:11:00

Health: -3/109     AC: 10    Str: 21    XL:     13   Next: 97%
Magic:  0/17       EV: 11    Int:  9    God:    Lugonu [*****.]
Gold:   872        SH:  4    Dex: 10    Spells: 9/12 levels left

rFire    + . .     SeeInvis +   z - +0 broad axe (protect)
rCold    + . .     Gourm    .   N - +0 buckler
rNeg     . . .     Faith    .   U - +3 plate armour of Bad Feelings {rF+ rC+}
rPois    +         Spirit   +   (helmet unavailable)
rElec    .         Reflect  .   u - scarf {Spirit}
rCorr    .         Harm     .   Q - +2 pair of gloves
MR       ++...                  (no boots)
Stlth    ..........             m - amulet of regeneration
HPRegen  0.68/turn              R - ring of protection from magic
MPRegen  0.15/turn              W - +4 ring of evasion

@: corroded, very slightly contaminated, invisible
A: permanent stasis, dig shafts and tunnels, four strong arms, antennae 3, dopey
2, poison resistance
a: Dig, Shaft Self, Depart the Abyss, Bend Space, Banish, Corrupt, Enter the
Abyss, Renounce Religion


You were on level 5 of the Lair of Beasts.
You worshipped Lugonu.
Lugonu was extremely pleased with you.
You were hungry.

You visited 2 branches of the dungeon, and saw 15 of its levels.
You visited the Abyss 2 times.

You collected 872 gold pieces.

Inventory:

Hand Weapons
 a - a +0 hand crossbow
 z - a +0 broad axe of protection (weapon)
 F - a +3 flail
 O - a +0 war axe of flaming
Missiles
 i - 2 throwing nets (quivered)
Armour
 e - +0 fire dragon scales
 u - a scarf of spirit shield (worn)
 L - a +0 plate armour
 N - a +0 buckler (worn)
 Q - a +2 pair of gloves (worn)
 U - the +3 plate armour of Bad Feelings (worn) {rF+ rC+}
   (You found it on level 5 of the Lair of Beasts)

   It protects you from fire.
   It protects you from cold.
Jewellery
 b - a +5 amulet of reflection {unknown}
 m - an amulet of regeneration (around neck)
 n - an uncursed ring of positive energy
 t - an uncursed ring of magical power
 w - an uncursed ring of flight
 x - an uncursed amulet of rage {unknown}
 E - a +2 ring of intelligence
 R - a ring of protection from magic (left hand)
 W - a +4 ring of evasion (right hand)
Wands
 o - a wand of random effects (31)
 p - a wand of iceblast (5)
 r - a wand of disintegration (19)
 J - a wand of digging (26)
 P - a wand of acid (17)
Scrolls
 g - a scroll of magic mapping {unknown}
 l - a scroll of random uselessness {unknown}
 q - a scroll of vulnerability
 v - 3 scrolls of enchant weapon
 B - a scroll of remove curse
 C - 3 scrolls of fear
 H - a scroll of amnesia
 I - a scroll of blinking {unknown}
 K - a scroll of acquirement {unknown}
 S - a scroll of fog {unknown}
 T - 2 scrolls of enchant armour {unknown}
 X - a scroll of silence {unknown}
 Z - a scroll of holy word {unknown}
Potions
 d - a potion of agility {unknown}
 f - 3 potions of mutation
 k - 3 potions of might
 s - 4 potions of lignification
 A - 6 potions of degeneration
 D - 2 potions of flight
 G - 4 potions of magic
 M - 3 potions of curing
 Y - a potion of brilliance {unknown}
Books
 h - a book of Flames

   Spells                             Type                      Level
   a - Flame Tongue                   Conjuration/Fire             1
   b - Throw Flame                    Conjuration/Fire             2
   c - Conjure Flame                  Conjuration/Fire             3
   d - Inner Flame                    Hexes/Fire                   3
   e - Sticky Flame                   Conjuration/Fire             4
   f - Fireball                       Conjuration/Fire             5
 y - a book of Cantrips

   Spells                             Type                      Level
   a - Confusing Touch                Hexes                        1
   b - Animate Skeleton               Necromancy                   1
   c - Summon Small Mammal            Summoning                    1
   d - Apportation                    Translocation                1
Comestibles
 c - 28 rations
 V - a chunk of flesh


   Skills:
 + Level 12.4 Fighting
 * Level 15.1 Axes
 + Level 12.2 Armour
 - Level 0.8 Dodging
 - Level 2.5 Shields
 - Level 6.2 Invocations


You had 9 spell levels left.
You knew the following spells:

 Your Spells              Type           Power        Failure   Level  Hunger
a - Conjure Flame         Conj/Fire      #.......     100%        3    ####...


Dungeon Overview and Level Annotations

Branches:
Dungeon (10/15)            Temple (0/1) D:7            Lair (5/6) D:9
  Swamp (0/4) Lair:3        Snake (0/4) Lair:2
  Slime: Lair:5-6       Orc: D:9-12

Altars:
Ashenzari
Dithmenos
Fedhas
Qazlal
Trog
Uskayaw
Xom

Annotations:
D:9 corrupted
Lair:5 corrupted
Abyss:1 Eustachio, Fannar, Sonja


Innate Abilities, Weirdness & Mutations

You cannot be hasted, slowed, berserked, paralysed or teleported.
You can dig through walls and to a lower floor.
Your four strong arms can wield two-handed weapons with a shield.
You have a pair of large antennae on your head. (SInv)
You are very dopey. (Int -4)
Your system is resistant to poisons. (rPois)


Message History

The entropy weaver holds its ground!
The thrashing horror barely misses the entropy weaver.
The quasit bites the entropy weaver but does no damage.
The quasit claws the entropy weaver but does no damage. x2
The quasit bites you but does no damage.
The quasit closely misses you. The quasit barely misses you.
The white imp gestures at the entropy weaver.
The puff of frost hits the entropy weaver.
The entropy weaver appears unharmed.
The phantasmal warrior hits the soldier ant!!
The large abomination hits the plant!
The entropy weaver hits the small abomination. x2
The entropy weaver hits the small abomination but does no damage.
The entropy weaver hits the small abomination!
The entropy weaver closely misses you.
The entropy weaver hits you but does no damage.
The entropy weaver hits you!
* * * LOW HITPOINT WARNING * * *
The entropy weaver hits you.
You die...

..#.P.........#.....#
.........##...##...##
.........#....#{{\..#
...#.....#...#/##││.##
...##..a...#xw##.││..#
+..#...........#.X..#
.##......###.Wax5...#
.............X#3W5x.#
............4Wxa@xX.##
...............5aXxK.#
.............X#5GX#5###
.##...a.......<.zX....#
##....aa..X....#P#L...#
.#.....a#.##.PX.P...###
..P...aa.#..P....x..#
.......a.......#....#
.......a.#.#.#.#....#


You could see 2 entropy weavers, a soldier ant, 3 neutral starcursed masses, 2
neutral tentacled starspawn, a neutral lich, a neutral glowing orange brain, a
neutral thrashing horror, 3 neutral large abominations, a neutral phantasmal
warrior, a neutral worldbinder, a neutral kobold demonologist, a neutral
neqoxec, a neutral chaos spawn, 2 neutral wraiths, 6 neutral small abominations,
a neutral starspawn tentacle, a neutral flying skull, 2 neutral quasits, 2
neutral white imps and a neutral ufetubus.

Vanquished Creatures
  Harold (Lair:3)
  A queen ant (Lair:5)
  A two-headed ogre (D:10)
  3 death yaks (Lair:2)
  A black mamba (Lair:5)
  Maurice (D:9)
  6 spiny frogs
  4 komodo dragons
  A hornet (Lair:5)
  6 hippogriffs
  Sigmund (D:4)
  8 spriggans (Lair:5)
  2 wyverns
  60 yaks
  5 basilisks
  A naga (Lair:2)
  21 soldier ants (Lair:5)
  8 water moccasins
  4 porcupines
  4 phantoms
  3 ice beasts
  2 orc warriors
  A sky beast (D:9)
  A black bear (D:6)
  2 ogres
  12 wolves
  A boggart (Lair:5)
  6 crocodiles
  5 centaurs
  A big kobold (D:8)
  A wyvern zombie (D:9)
  10 bullfrogs
  A scorpion (D:6)
  7 killer bees
  5 wights
  3 centaur zombies
  2 crimson imps
  A quasit (D:7)
  4 orc priests
  3 hounds
  2 jellies
  6 orc wizards
  A bullfrog skeleton (D:4)
  Jessica (D:2)
  5 iguanas
  27 worker ants
  Robin (D:2)
  A worker ant zombie (D:5)
  12 adders
  5 gnolls
  4 shadow imps
  An ooze (D:3)
  An adder skeleton (D:7)
  An adder zombie (D:7)
  3 worms
  3 dart slugs
  4 leopard geckos
  25 orcs
  8 bats
  4 giant cockroaches
  12 goblins
  6 hobgoblins
  13 jackals
  3 quokkas
  2 ball pythons
  7 frilled lizards
  11 kobolds
  2 leopard gecko skeletons
  A quokka skeleton (D:4)
  9 rats
  A fungus (Lair:5)
392 creatures vanquished.

Vanquished Creatures (others)
  2 death yaks (D:9)
  A two-headed ogre (D:9)
  An ogre (D:4)
  2 killer bees (D:8)
  A fungus (Lair:5)
  4 plants
11 creatures vanquished.

Grand Total: 403 creatures vanquished

Notes
Turn   | Place    | Note
-------+----------+-------------------------------------------
     0 | Abyss:1  | mortelune the Formicid Abyssal Knight began the quest for the Orb.
     0 | Abyss:1  | Reached XP level 1. HP: 18/18 MP: 2/2
    18 | D:1      | Escaped the Abyss
    61 | D:1      | Reached XP level 2. HP: 16/24 MP: 3/3
   468 | D:1      | Reached XP level 3. HP: 29/29 MP: 4/4
   848 | D:2      | Noticed Robin
   873 | D:2      | Noticed Sigmund
  1031 | D:2      | Noticed Jessica
  1035 | D:2      | Killed Jessica
  1035 | D:2      | Reached skill level 3 in Axes
  1035 | D:2      | Reached XP level 4. HP: 37/37 MP: 5/5
  1059 | D:2      | Found a blossoming altar of Fedhas.
  1190 | D:2      | Killed Robin
  1198 | D:2      | Reached ** piety under Lugonu
  1260 | D:2      | Reached XP level 5. HP: 27/42 MP: 6/6
  1499 | D:2      | Reached skill level 4 in Axes
  1902 | D:2      | Found a hide-covered altar of Uskayaw.
  1902 | D:2      | Found a shadowy altar of Dithmenos.
  1902 | D:2      | Found a bloodstained altar of Trog.
  2074 | D:2      | Reached XP level 6. HP: 49/49 MP: 7/7
  2397 | D:3      | Reached *** piety under Lugonu
  2846 | D:3      | Found a shattered altar of Ashenzari.
  3301 | D:4      | Noticed an ogre
  3330 | D:4      | HP: 2/49 [ogre/giant club (15)]
  3573 | D:4      | Reached skill level 5 in Axes
  3672 | D:4      | Reached XP level 7. HP: 51/55 MP: 8/8
  3833 | D:4      | Found a shadowy altar of Dithmenos.
  3938 | D:4      | Reached skill level 5 in Fighting
  4197 | D:4      | Found a stormy altar of Qazlal.
  4340 | D:4      | Noticed Eustachio
  4355 | D:4      | Banished Eustachio
  4553 | D:4      | Killed Sigmund
  4553 | D:4      | Reached XP level 8. HP: 32/62 MP: 10/10
  4687 | D:4      | Reached skill level 6 in Axes
  4882 | D:5      | Entered Level 5 of the Dungeon
  4909 | D:5      | Reached skill level 5 in Armour
  6014 | D:6      | Reached skill level 7 in Axes
  6052 | D:6      | Reached XP level 9. HP: 52/69 MP: 12/12
  6212 | D:6      | Reached **** piety under Lugonu
  6404 | D:6      | Reached skill level 5 in Invocations
  6857 | D:6      | Reached skill level 8 in Axes
  7065 | D:6      | Found a shimmering altar of Xom.
  7561 | D:7      | Found a staircase to the Ecumenical Temple.
  7793 | D:6      | Reached XP level 10. HP: 18/79 MP: 5/14
  8103 | D:6      | Reached skill level 9 in Axes
  8298 | D:7      | Reached ***** piety under Lugonu
  9269 | D:8      | Reached skill level 10 in Axes
  9686 | D:8      | Gained mutation: You are dopey. (Int -2) [potion of mutation]
  9686 | D:8      | Gained mutation: You are very dopey. (Int -4) [potion of mutation]
  9686 | D:8      | Gained mutation: Your system is resistant to poisons. (rPois) [potion of mutation]
  9692 | D:8      | HP: 3/121 [killer bee (4)]
  9710 | D:8      | HP: 5/121 [killer bee (5)]
  9715 | D:8      | HP: 4/123 [poisoned by a killer bee]
  9720 | D:8      | HP: 3/82 [poisoned by a killer bee]
  9725 | D:8      | HP: 4/82 [poisoned by a killer bee]
 10082 | D:9      | Noticed Maurice
 10105 | D:9      | Killed Maurice
 10355 | D:9      | Found a staircase to the Lair.
 10428 | D:8      | Reached XP level 11. HP: 87/87 MP: 15/15
 11053 | D:10     | Entered Level 10 of the Dungeon
 11063 | D:10     | Noticed a two-headed ogre
 11080 | D:10     | Killed a two-headed ogre
 11080 | D:10     | Reached skill level 11 in Axes
 11274 | D:10     | Noticed a two-headed ogre
 11275 | D:10     | Noticed a two-headed ogre
 11330 | D:9      | Banished a two-headed ogre
 11596 | D:10     | Noticed an ogre mage
 11596 | D:10     | Noticed a two-headed ogre
 11596 | D:10     | Noticed a two-headed ogre
 11596 | D:10     | Noticed a two-headed ogre
 11639 | Lair:1   | Entered Level 1 of the Lair of Beasts
 11941 | Lair:1   | Noticed Fannar
 12013 | D:9      | Banished Fannar
 12446 | D:9      | Reached skill level 12 in Axes
 12746 | Lair:1   | Reached skill level 10 in Fighting
 12753 | Lair:1   | Reached XP level 12. HP: 59/97 MP: 16/16
 13224 | Lair:1   | Found a shadowy altar of Dithmenos.
 13626 | Lair:2   | Reached skill level 10 in Armour
 14261 | Lair:2   | Found a staircase to the Snake Pit.
 14585 | Lair:2   | Reached skill level 13 in Axes
 14630 | Lair:3   | Noticed a death yak
 14630 | Lair:3   | Noticed a death yak
 14633 | Lair:3   | Noticed a death yak
 14636 | Lair:3   | Noticed a death yak
 14637 | Lair:3   | Noticed a death yak
 14650 | Lair:2   | Killed a death yak
 14673 | Lair:3   | Noticed a death yak
 14698 | Lair:2   | Killed a death yak
 14702 | Lair:2   | Killed a death yak
 15158 | D:9      | Corrupted D:9
 15158 | D:9      | Noticed a tentacled starspawn
 15158 | D:9      | Noticed a tentacled starspawn
 15158 | D:9      | Noticed a large abomination
 15158 | D:9      | Noticed a starcursed mass
 15158 | D:9      | Noticed an eidolon
 15159 | D:9      | Noticed a tentacled starspawn
 15160 | D:9      | Killed a death yak
 15160 | D:9      | Killed a death yak
 15571 | Lair:3   | Found a staircase to the Swamp.
 15741 | Lair:3   | Reached XP level 13. HP: 51/106 MP: 7/17
 16164 | Lair:3   | Learned a level 3 spell: Conjure Flame
 16176 | Lair:3   | Noticed Harold
 16212 | Lair:3   | Killed Harold
 16452 | Lair:3   | Reached skill level 14 in Axes
 17126 | Lair:4   | Noticed Sonja
 17142 | Lair:4   | Cast into level 1 of the Abyss (Sonja)
 17143 | Abyss:1  | Found a corrupted altar of Lugonu.
 17220 | Lair:4   | Escaped the Abyss
 17230 | Lair:4   | Banished Sonja
 17569 | Lair:5   | Got a spiked plate armour
 17580 | Lair:5   | Identified the +3 plate armour of Bad Feelings {rF+ rC+} (You found it on level 5 of the Lair of Beasts)
 18201 | Lair:5   | Noticed an entropy weaver
 18203 | Lair:5   | Noticed an entropy weaver
 18578 | Lair:5   | Reached skill level 15 in Axes
 18881 | Lair:5   | Corrupted Lair:5
 18881 | Lair:5   | Noticed a tentacled starspawn
 18881 | Lair:5   | Noticed a starcursed mass
 18881 | Lair:5   | Noticed a starcursed mass
 18881 | Lair:5   | Noticed a lich
 18884 | Lair:5   | HP: 4/109 [entropy weaver (4)]
 18885 | Lair:5   | Noticed a tentacled starspawn
 18885 | Lair:5   | Slain by an entropy weaver

Vault maps used:
D:1:      nzn_arrival_depleted_hourglass, serial_bayou_pond_e
D:2:      gammafunk_temple_overflow_claw, fedhas_altar_2, uniq_robin,
          uniq_sigmund, uniq_jessica
D:3:      cheibrodos_ashenzari_chains, first_ration
D:4:      lemuel_coloured_pillars_altar, grunt_dithmenos_smoke_and_mirrors,
          uniq_eustachio
D:5:      st_stairs_13, lemuel_flamethrower_2
D:6:      marbit_many_paths
D:7:      minmay_temple_entry_statues_pillars
D:9:      lair_entry_dummy, uniq_maurice
Lair:1:   lemuel_centaur_altar, grunt_megastairs_1, uniq_fannar
Lair:2:   guppyfry_snake_entry_garden, lemuel_fruit_tree
Lair:3:   swamp_mist, beast_lair_carwin_8, uniq_harold
Lair:4:   lemuel_fruit_fields, grunt_megastairs_3, uniq_sonja
Lair:5:   kb_forest_paths, minivault_29

Skill      XL: |  1  2  3  4  5  6  7  8  9 10 11 12 13 |
---------------+----------------------------------------+-----
Axes           | 3 4 5 7 8 10 12 13 15 | 15.1
Armour         | 3 4 5 6 8 9 11 12 | 12.2
Fighting       | 4 5 6 7 8 10 11 12 | 12.4
Invocations    | 3 4 6 |  6.2
Shields        | 2 |  2.5
Dodging        | |  0.8

Action                   |  1- 3 |  4- 6 |  7- 9 | 10-12 | 13-15 || total
-------------------------+-------+-------+-------+-------+-------++-------
Melee: Hand axe          |    45 |   208 |       |       |       ||   253
       Broad axe         |       |    54 |   381 |   750 |   506 ||  1691
Invok: Bend Space        |       |     1 |       |     4 |     1 ||     6
       Banish            |       |       |     2 |     6 |     1 ||     9
       Corrupt           |       |       |       |     1 |     1 ||     2
       Depart the Abyss  |       |       |       |       |     1 ||     1
 Abil: Dig               |       |       |     1 |       |       ||     1
Evoke: Wand              |       |       |       |     6 |       ||     6
  Use: Scroll            |       |     1 |     3 |    12 |     1 ||    17
       Potion            |       |       |       |     6 |     6 ||    12
  Eat: Chunk             |       |     7 |    13 |    25 |     8 ||    53
       Ration            |       |     1 |       |     1 |     1 ||     3
Armor: Leather armour    |    22 |       |       |       |       ||    22
       Ring mail         |     8 |   102 |    52 |       |       ||   162
       Scale mail        |       |       |   104 |    82 |       ||   186
       Plate armour      |       |       |       |   470 |   314 ||   784
       Skin              |       |       |       |    35 |       ||    35
       Fire dragon scale |       |       |       |       |   101 ||   101
Dodge: Dodged            |    46 |   135 |   196 |   335 |   229 ||   941
Block: Buckler           |       |       |       |    90 |    83 ||   173

Table legend:
 A = Spawn XP
 B = Non-spawn XP
 C = Spawn XP percentage of total XP
 D = Spawn monster count
 E = Non-spawn monster count
 F = Spawn count percentage of total count
 G = Total turns spent on level
                    A         B        C        D         E        F      G
               +---------+---------+-------+---------+---------+-------+---------
         Total |       0 |   45113 |   0.0 |       0 |     400 |   0.0 | 18885
               +---------+---------+-------+---------+---------+-------+---------
           D:1 |       0 |      37 |   0.0 |       0 |      16 |   0.0 |  1076
           D:2 |       0 |     232 |   0.0 |       0 |      43 |   0.0 |  1185
           D:3 |       0 |     131 |   0.0 |       0 |      26 |   0.0 |  1105
           D:4 |       0 |     746 |   0.0 |       0 |      20 |   0.0 |  1498
           D:5 |       0 |     909 |   0.0 |       0 |      17 |   0.0 |  1133
           D:6 |       0 |    2329 |   0.0 |       0 |      36 |   0.0 |  1707
           D:7 |       0 |     401 |   0.0 |       0 |      11 |   0.0 |   762
           D:8 |       0 |    1943 |   0.0 |       0 |      30 |   0.0 |  1281
           D:9 |       0 |    5997 |   0.0 |       0 |      37 |   0.0 |  2676
          D:10 |       0 |    1331 |   0.0 |       0 |       8 |   0.0 |   165
        Lair:1 |       0 |    4887 |   0.0 |       0 |      29 |   0.0 |  1655
        Lair:2 |       0 |    5537 |   0.0 |       0 |      16 |   0.0 |  1244
        Lair:3 |       0 |    5427 |   0.0 |       0 |      21 |   0.0 |   977
        Lair:4 |       0 |    4470 |   0.0 |       0 |      19 |   0.0 |  1191
        Lair:5 |       0 |   10736 |   0.0 |       0 |      71 |   0.0 |  1134
               +---------+---------+-------+---------+---------+-------+---------
